 Dungeon Crawl Stone Soup version 0.26-a0-670-g578ab304f5 (webtiles) character file.

Game seed: 10379224796141644315

172 Johnny the Firebug (level 5, -2/38 HPs)
             Began as a Demigod Fire Elementalist on Jan 22, 2020.
             Slain by a gnoll (4 damage)
             ... on level 3 of the Dungeon on Oct 19, 2020.
             The game lasted 00:05:02 (3037 turns).

Johnny the Firebug (Demigod Fire Elementalist)      Turns: 3037, Time: 00:05:02

Health: -2/38      AC:  7    Str: 11    XL:     5   Next: 6%
Magic:  2/12       EV: 12    Int: 21    God:
Gold:   93         SH:  0    Dex: 16    Spells: 5/10 levels left

rFire    + . .     SeeInvis .   t - +4 quarterstaff (chaos)
rCold    . . .     Faith    .   (shield currently unavailable)
rNeg     . . .     Spirit   .   a - +0 robe
rPois    .         Reflect  .   k - +0 helmet
rElec    .         Harm     .   f - +0 cloak
rCorr    .         Rampage  .   e - +2 pair of gloves
MR       .....                  (no boots)
Stlth    ++........             (no amulet)
HPRegen  0.12/turn              (no ring)
MPRegen  0.13/turn              (no ring)

@: no status effects
A: fire resistance 1, high mp 1, mutation resistance 1
a: no special abilities


You were on level 3 of the Dungeon.
You visited 1 branch of the dungeon, and saw 3 of its levels.

You collected 93 gold pieces.

Inventory:

Hand Weapons
 i - a +1 whip of flaming
 t - a +4 quarterstaff of chaos (weapon)
Armour
 a - a +0 robe (worn)
 e - a +2 pair of gloves (worn)
 f - a +0 cloak (worn)
 k - a +0 helmet (worn)
Jewellery
 m - a cursed -4 ring of protection {unknown}
Wands
 s - a wand of polymorph (3)
Scrolls
 d - 2 scrolls of identify {unknown}
 h - 2 scrolls of teleportation {unknown}
 o - a scroll of random uselessness {unknown}
 p - 3 scrolls of remove curse {unknown}
Potions
 g - a potion of brilliance
 l - a potion of haste {unknown}
 n - a potion of flight {unknown}
 q - a potion of curing {unknown}
 r - a potion of lignification {unknown}
Comestibles
 c - a removed food


   Skills:
 - Level 1.7 Dodging
 - Level 1.7 Stealth
 + Level 3.0 Spellcasting
 + Level 2.7 Conjurations
 + Level 3.8 Fire Magic


You had 5 spell levels left.
You knew the following spells:

 Your Spells              Type           Power        Failure   Level
a - Foxfire               Conj/Fire      ###.         3%          1
b - Sticky Flame          Conj/Fire      ###.....     34%         4

Your spell library contained the following spells:

 Spells                   Type           Power        Failure   Level
 Conjure Flame            Conj/Fire      ###.....     11%         3
 Inner Flame              Hex/Fire       ##......     19%         3
 Fireball                 Conj/Fire      ###.......   67%         5


Dungeon Overview and Level Annotations

Branches:
Dungeon (3/15)


Innate Abilities, Weirdness & Mutations

You have an increased reservoir of magic. (+10% MP)
Your flesh is heat resistant. (rF+)
You are somewhat resistant to further mutation.


Message History

The gnoll hits you but does no damage.
Casting: Foxfire (safe; 3% risk of failure)
Confirm with . or Enter, or press ? or * to list all spells.
You conjure some foxfire!
The gnoll barely misses you. The gnoll hits you!
* * * LOW HITPOINT WARNING * * *
Your foxfire dissipates!
The foxfire hits the gnoll.
The gnoll is almost dead.
It was a potion of brilliance.
You feel clever all of a sudden. The gnoll barely misses you.
The gnoll closely misses you.
It was a potion of mutation.
You feel extremely strange.
You feel resistant to heat.
You feel genetically stable. The gnoll closely misses you.
It was a potion of cancellation.
Your magical effects are unravelling.
You feel magically purged.
You feel a little less clever now. The gnoll closely misses you.
The gnoll hits you.
You die...

....#
#.........#
....#
#####...###
.#...
##..##### .###
##.......#
##..#.....#
..........<#
............#
...........gg#
...........@.#
.............#
...........#
######.....#
#######


You could see 2 gnolls.

Vanquished Creatures
  An orc wizard (D:3)
  Crazy Yiuf (D:2)
  4 gnolls
  3 adders
  A dart slug (D:2)
  2 leopard geckos (D:1)
  2 orcs (D:3)
  A ball python (D:1)
  5 giant cockroaches
  2 goblins
  3 hobgoblins
  4 jackals (D:2)
  A quokka (D:3)
  7 bats
  4 frilled lizards
  3 kobolds (D:1)
  8 rats
52 creatures vanquished.

Vanquished Creatures (others)
  94 foxfires
94 creatures vanquished.

Grand Total: 146 creatures vanquished

Notes
Turn   | Place    | Note
-------+----------+-------------------------------------------
     0 | D:1      | Johnny the Demigod Fire Elementalist began the quest for
                  | the Orb.
     0 | D:1      | Reached XP level 1. HP: 14/14 MP: 5/5
    32 | D:1      | Reached skill level 1 in Conjurations
   402 | D:1      | Reached XP level 2. HP: 18/20 MP: 2/7
  1039 | D:1      | Upgraded the game from 0.25-a0-424-g80bd347ae0 to
                  | 0.26-a0-670-g578ab304f5
  1524 | D:2      | Reached XP level 3. HP: 19/26 MP: 6/9
  2120 | D:2      | Reached XP level 4. HP: 33/33 MP: 5/10
  2204 | D:2      | Found a runed translucent door.
  2205 | D:2      | Noticed Crazy Yiuf
  2293 | D:2      | Found a burning altar of Makhleb.
  2295 | D:2      | Noticed a blizzard demon
  2299 | D:2      | Noticed a hellwing
  2299 | D:2      | Noticed a hellwing
  2586 | D:2      | Killed Crazy Yiuf
  2947 | D:3      | Learned a level 4 spell: Sticky Flame
  2998 | D:3      | Reached XP level 5. HP: 13/38 MP: 1/12
  3033 | D:3      | HP: 1/38 [gnoll (8)]
  3036 | D:3      | Gained mutation: Your flesh is heat resistant. (rF+)
                  | [potion of mutation]
  3036 | D:3      | Gained mutation: You are somewhat resistant to further
                  | mutation. [potion of mutation]
  3037 | D:3      | Slain by a gnoll

Illustrated notes

Levels and vault maps discovered:
D:1:      sevenhm_arrival_forest_fort_small_6, layout_loops_ring
D:2:      layout_basic, makhleb_altar_promises_db, uniq_crazy_yiuf_cottage
D:3:      layout_rooms, serial_forest, infiniplex_forest_clump_curved,
          infiniplex_forest_clump_tiny, infiniplex_forest_end_1,
          infiniplex_forest_lined_3_way, infiniplex_forest_end_2,
          infiniplex_forest_straight_4, infiniplex_forest_straight_4,
          infiniplex_forest_clump_small, infiniplex_forest_straight_1, uniq_ijyb

Skill      XL: |  1  2  3  4 |
---------------+-------------+-----
Conjurations   | 1 2 |  2.7
Spellcasting   | 2 3 |  3.0
Fire Magic     | 3 |  3.8
Dodging        | |  1.7
Stealth        | |  1.7

Action                   |  1- 3 |  4- 6 || total
-------------------------+-------+-------++-------
Melee: Unarmed           |    14 |       ||    14
       Whip              |    38 |    13 ||    51
       Quarterstaff      |       |    12 ||    12
 Cast: Foxfire           |    59 |    24 ||    83
  Use: Potion            |       |     3 ||     3
 Stab: Sleeping          |     3 |     1 ||     4
Armor: Robe              |    45 |    15 ||    60
       Skin              |       |     4 ||     4
Dodge: Dodged            |    70 |    27 ||    97

Table legend: (Time is in decaauts)
 A = Elapsed time spent in this place.
 B = Non-inter-level travel time spent in this place.
 C = Inter-level travel time spent in this place.
 D = Time resting spent in this place.
 E = Time spent auto-exploring this place.
 F = Levels seen in this place.
 G = Mean time per level.
                   A        B        C        D        E       F      G
               +--------+--------+--------+--------+--------+-----+--------+
         Total |   3044 |   2915 |    129 |   1031 |   1353 |   3 | 1014.7 |
       Dungeon |   3044 |   2915 |    129 |   1031 |   1353 |   3 | 1014.7 |
               +--------+--------+--------+--------+--------+-----+--------+

Top non-repeatable levels by time:
     D:2: 1641 daAuts
     D:3: 273 daAuts
     D:1: 90 daAuts
Note: time per level data comes from an upgraded game and may be incomplete.
